 Dungeon Crawl Stone Soup version 0.27-a0-40-g5f2be0e231 (webtiles) character file.

Game seed: 18007907240109134264

11321 sahdkjhfkaj the Fighter (level 11, 0/120 HPs)
             Began as an Ogre Venom Mage on Jan 5, 2021.
             Was an Elder of Vehumet.
             Shot with an arrow by a centaur (6 damage)
             ... on level 2 of the Orcish Mines on Jan 6, 2021.
             The game lasted 00:19:10 (15859 turns).

sahdkjhfkaj the Fighter (Ogre Venom Mage)          Turns: 15859, Time: 00:19:11

Health: 0/120      AC:  5    Str: 14    XL:     11   Next: 75%
Magic:  3/25       EV: 11    Int: 19    God:    Vehumet [****..]
Gold:   1041       SH:  0    Dex:  9    Spells: 14/31 levels left

rFire    + . .     SeeInvis .   (no weapon)
rCold    . . .     Faith    .   (no shield)
rNeg     . . .     Spirit   .   l - +1 robe {rF+}
rPois    +         Reflect  .   (helmet restricted)
rElec    .         Harm     .   I - +0 cloak
rCorr    .         Rampage  .   (gloves unavailable)
Will     +....                  (boots unavailable)
Stlth    +.........             (no amulet)
HPRegen  0.30/turn              g - ring of poison resistance
MPRegen  0.19/turn              (no ring)

@: radiating poison
A: large, unfitting armour, tough skin 1
a: Renounce Religion


You were on level 2 of the Orcish Mines.
You worshipped Vehumet.
Vehumet was greatly pleased with you.
You visited 2 branches of the dungeon, and saw 12 of its levels.

You collected 1041 gold pieces.

Inventory:

Missiles
 H - a throwing net {!f}
Armour
 l - a +1 robe of fire resistance (worn)
 I - a +0 cloak (worn)
Jewellery
 g - a ring of poison resistance (left hand)
 m - an uncursed ring of see invisible {unknown}
 n - a +4 ring of protection {unknown}
 u - an uncursed ring of fire {unknown}
 x - an uncursed ring of wizardry {unknown}
 z - an uncursed amulet of regeneration {unknown}
 A - a cursed ring of teleportation {unknown}
 B - an uncursed amulet of magic regeneration {unknown}
Wands
 C - a wand of paralysis (8)
 F - a wand of digging (5)
 G - a wand of polymorph (16)
Scrolls
 b - 3 scrolls of blinking
 d - 6 scrolls of remove curse
 f - a scroll of identify
 i - 3 scrolls of amnesia
 j - 2 scrolls of fog
 k - 2 scrolls of immolation
 o - 4 scrolls of teleportation {!r}
 p - 3 scrolls of fear
 s - 2 scrolls of enchant armour {unknown}
 y - a scroll of summoning {!r}
 E - 2 scrolls of random uselessness {unknown}
Potions
 a - a potion of attraction {unknown}
 c - 6 potions of heal wounds
 e - 3 potions of brilliance
 h - 5 potions of curing
 q - a potion of degeneration {unknown}
 r - 3 potions of lignification {unknown}
 t - 2 potions of mutation {unknown}
 v - a potion of haste {unknown}
 w - a potion of might {unknown}
 D - 2 potions of invisibility {unknown}


   Skills:
 - Level 11.2 Fighting
 - Level 5.0 Dodging
 - Level 1.4 Stealth
 - Level 10.8 Spellcasting
 + Level 2.4 Conjurations
 + Level 2.4 Hexes
 - Level 1.0 Transmutations
 - Level 3.0 Fire Magic
 - Level 1.0 Air Magic
 - Level 10.0 Poison Magic


You had 14 spell levels left.
You knew the following spells:

 Your Spells              Type           Power        Failure   Level
a - Sting                 Tmut/Pois      100%         1%          1
b - Poisonous Vapours     Pois/Air       62%          1%          2
d - Mephitic Cloud        Conj/Pois/Air  27%          1%          3
f - Fulminant Prism       Conj/Hex       9%           7%          4
A - Olgreb's Toxic Radia  Pois           48%          1%          4
I - Ignite Poison         Fire/Tmut/Pois 28%          1%          3

Your spell library contained the following spells:

 Spells                   Type           Power        Failure   Level


Dungeon Overview and Level Annotations

Branches:
Dungeon (10/15)            Temple (0/1) D:6             Orc (2/2) D:9
    Elf (0/3) Orc:2
   Lair: D:8-11

Altars:
Gozag
Kikubaaqudgha
Nemelex Xobeh
Trog
Vehumet
Xom

Shops:
D:10 ?

Annotations:
D:10 skeletal warrior


Innate Abilities, Weirdness & Mutations

You are too large for most types of armour.
You have tough skin. (AC +1)


Message History

The orc warrior is poisoned.
The centaur looks even sicker. x3
The orc warrior looks even sicker.
The centaur looks even sicker.
The centaur looks as sick as possible!
The centaur shoots an arrow.
The arrow closely misses you.
The centaur shoots an arrow.
The arrow hits you!
The centaur shoots an arrow.
The arrow hits you. The arrow freezes you.
The orc warrior unwields a +0 glaive.
The orc warrior wields a +0 arbalest.
The orc warrior shoots a bolt.
The bolt hits you!!
* * * LOW HITPOINT WARNING * * *
The centaur shoots an arrow.
The arrow hits you!
* * * LOW HITPOINT WARNING * * *
The centaur shoots an arrow.
The arrow hits you.
* * * LOW HITPOINT WARNING * * *
Casting: Olgreb's Toxic Radiance (safe; 1% risk of failure)
Confirm with . or Enter, or press ? or * to list all spells.
Your toxic radiance grows in intensity.
The centaur looks as sick as possible! x3
The centaur looks even sicker.
The centaur looks as sick as possible!
The centaur looks even sicker.
The centaur shoots an arrow.
The arrow barely misses you.
The centaur shoots an arrow.
The arrow hits you.
You die...

...................#####
..................###..#
.........(.......#......
..........#............#
......#.............####
..............#.)...#
.............#.#...##
...##.>.#......((.##
...#.....#.....#@.#
....#...#..........#
................)....#
....... .............#
#...### .##..##..##...#
..≈≈# .... ..). #..#
.≈≈≈# ≈...


occc ..# ≈≈≈## ≈≈≈. .oc.. .# ≈## You could see 2 orc warriors and 4 centaurs.

Vanquished Creatures
  A centaur warrior (Orc:2)
  A two-headed ogre (D:10)
  4 orc knights (Orc:2)
  Joseph (D:9)
  A troll (D:10)
  A hornet (D:8)
  Prince Ribbit (D:5)
  Sigmund (D:2)
  A wyvern (D:10)
  A wraith (D:10)
  4 yaks (D:10)
  A water moccasin (D:10)
  A sky beast (D:7)
  A black bear (D:10)
  An ice beast (D:10)
  20 orc warriors
  A necrophage (D:9)
  9 ogres
  An eye of draining (D:10)
  11 centaurs
  A big kobold (D:7)
  5 bullfrogs
  2 scorpions
  8 killer bees
  A howler monkey (D:6)
  A centaur zombie (D:10)
  3 hounds
  Crazy Yiuf (D:2)
  2 jellies
  A gnoll shaman (D:5)
  10 orc wizards
  9 orc priests
  A bullfrog skeleton (D:8)
  Jessica (D:2)
  4 iguanas
  10 worker ants
  A hound skeleton (D:8)
  13 gnolls
  8 adders
  2 shadow imps
  A white imp (D:10)
  An ufetubus (D:5)
  4 adder skeletons
  2 worms
  2 dart slugs
  8 leopard geckos
  35 orcs
  5 giant cockroaches
  4 goblins
  6 hobgoblins
  2 jackals (D:4)
  4 quokkas
  A ball python (D:1)
  2 bats
  4 frilled lizards
  14 kobolds
  A leopard gecko skeleton (D:7)
  A quokka skeleton (D:8)
  10 rats
254 creatures vanquished.

Vanquished Creatures (others)
  25 plants (D:5)
25 creatures vanquished.

Grand Total: 279 creatures vanquished

Notes
Turn   | Place    | Note
-------+----------+-------------------------------------------
     0 | D:1      | sahdkjhfkaj the Ogre Venom Mage began the quest for the
                  | Orb.
     0 | D:1      | Reached XP level 1. HP: 16/16 MP: 3/3
   216 | D:1      | Reached skill level 1 in Transmutations
   345 | D:1      | Reached XP level 2. HP: 18/24 MP: 3/5
   375 | D:1      | Learned a level 2 spell: Poisonous Vapours
  1013 | D:1      | Reached XP level 3. HP: 29/31 MP: 2/7
  1017 | D:1      | Learned a level 3 spell: Ignite Poison
  2046 | D:2      | Noticed Sigmund
  2056 | D:2      | Killed Sigmund
  2057 | D:2      | Reached XP level 4. HP: 16/39 MP: 0/12
  2057 | D:2      | Reached XP level 5. HP: 18/45 MP: 0/13
  2604 | D:2      | Reached XP level 6. HP: 53/53 MP: 12/15
  2780 | D:2      | Learned a level 4 spell: Olgreb's Toxic Radiance
  2784 | D:2      | Learned a level 3 spell: Mephitic Cloud
  2931 | D:2      | Noticed Jessica
  2938 | D:2      | Killed Jessica
  2973 | D:2      | Found a runed translucent door.
  2974 | D:2      | Noticed Crazy Yiuf
  2980 | D:2      | Killed Crazy Yiuf
  3158 | D:3      | Found an ancient bone altar of Kikubaaqudgha.
  3158 | D:3      | Found a shimmering altar of Xom.
  3525 | D:3      | Found a radiant altar of Vehumet.
  3577 | D:3      | Became a worshipper of Vehumet
  4271 | D:4      | Reached XP level 7. HP: 33/59 MP: 7/18
  5072 | D:5      | Entered Level 5 of the Dungeon
  5175 | D:5      | Noticed Prince Ribbit
  5181 | D:5      | Killed Prince Ribbit
  5182 | D:5      | Reached XP level 8. HP: 67/67 MP: 2/21
  5204 | D:5      | Reached skill level 10 in Spellcasting
  5376 | D:5      | Reached skill level 1 in Air Magic
  5376 | D:5      | Reached skill level 1 in Fire Magic
  5508 | D:5      | Reached * piety under Vehumet
  5508 | D:5      | Offered knowledge of Freeze by Vehumet.
  6576 | D:6      | Found a staircase to the Ecumenical Temple.
  6592 | D:6      | You fall into a shaft and drop 3 floors!
  6597 | D:9      | Reached skill level 5 in Poison Magic
  6597 | D:9      | Reached XP level 9. HP: 64/74 MP: 16/23
  6854 | D:9      | Found a staircase to the Orcish Mines.
  7049 | D:8      | Noticed a hornet
  7054 | D:8      | Killed a hornet
  7055 | D:8      | Reached ** piety under Vehumet
  7060 | D:8      | Offered knowledge of Foxfire by Vehumet.
  7537 | D:8      | Found a bloodstained altar of Trog.
  8166 | D:6      | Reached XP level 10. HP: 64/81 MP: 17/24
  8847 | D:7      | Found a sparkling altar of Nemelex Xobeh.
  9052 | D:7      | Reached skill level 10 in Poison Magic
  9057 | D:7      | Identified the +6 short sword of Callousness {freeze, rElec
                  | Int-5 SInv}
  9172 | D:7      | Offered knowledge of Frozen Ramparts by Vehumet.
  9207 | D:7      | Found a shimmering altar of Xom.
  9234 | D:7      | Reached skill level 1 in Fighting
 10124 | D:8      | Reached skill level 2 in Fighting
 11087 | D:9      | Noticed Joseph
 11100 | D:9      | Killed Joseph
 11101 | D:9      | Reached skill level 3 in Fighting
 11287 | D:10     | Entered Level 10 of the Dungeon
 11501 | D:10     | Found Jehoz's Magic Scroll Shop.
 11517 | D:10     | Reached skill level 4 in Fighting
 11691 | D:10     | Reached *** piety under Vehumet
 11692 | D:10     | Reached skill level 5 in Fighting
 12014 | D:10     | Reached skill level 6 in Fighting
 12317 | D:10     | Found an opulent altar of Gozag.
 12477 | D:10     | Offered knowledge of Static Discharge by Vehumet.
 12478 | D:10     | Reached skill level 5 in Dodging
 12521 | D:10     | Reached skill level 7 in Fighting
 12600 | D:10     | Noticed a two-headed ogre
 12605 | D:10     | Killed a two-headed ogre
 12606 | D:10     | Reached skill level 8 in Fighting
 12606 | D:10     | Reached XP level 11. HP: 113/113 MP: 10/25
 12615 | D:10     | Reached skill level 9 in Fighting
 12760 | D:10     | Noticed a skeletal warrior
 13289 | Orc:1    | Entered Level 1 of the Orcish Mines
 13534 | Orc:2    | Entered Level 2 of the Orcish Mines
 13542 | Orc:2    | Noticed an orc knight
 13545 | Orc:2    | Reached **** piety under Vehumet
 13546 | Orc:2    | Reached skill level 10 in Fighting
 13546 | Orc:2    | Killed an orc knight
 13796 | Orc:2    | Offered knowledge of Fulminant Prism by Vehumet.
 14518 | Orc:2    | Noticed an orc knight
 14525 | Orc:2    | Killed an orc knight
 14845 | Orc:2    | Reached skill level 11 in Fighting
 14846 | Orc:2    | Noticed an orc knight
 15171 | Orc:2    | Killed an orc knight
 15252 | Orc:2    | Noticed an orc knight
 15266 | Orc:1    | Learned a level 4 spell: Fulminant Prism
 15510 | Orc:2    | Killed an orc knight
 15511 | Orc:2    | Reached skill level 1 in Conjurations
 15511 | Orc:2    | Reached skill level 1 in Hexes
 15582 | Orc:2    | Found a staircase to the Elven Halls.
 15851 | Orc:2    | Noticed a centaur warrior
 15856 | Orc:2    | Killed a centaur warrior
 15858 | Orc:2    | HP: 6/120 [centaur/arrow (5)]
 15859 | Orc:2    | Shot with an arrow by a centaur

Illustrated notes

Levels and vault maps discovered:
D:1:      dpeg_arrival_round_c, layout_loops_ring, hex_medium
D:2:      layout_loops_corners, uniq_sigmund, uniq_crazy_yiuf_cottage,
          uniq_jessica
D:3:      layout_basic, grunt_temple_overflow_open
D:4:      layout_basic
D:5:      layout_basic, kennysheep_boxes, uniq_prince_ribbit1
D:6:      layout_basic, minmay_temple_entry_junction
D:7:      layout_basic, nemelex_altar_shiori, kennysheep_small_spiral,
          xom_teletrap_fun
D:8:      layout_basic, trog_hazing_becter
D:9:      layout_small_grid, david_orc_3, uniq_joseph
D:10:     minmay_slanted_spiral_squares, layout_basic, serial_shops, shop,
          basic_altar
Orc:1:    layout_diamond_mine
Orc:2:    st_orc_rangers, layout_caves

Skill      XL: |  1  2  3  4  5  6  7  8  9 10 11 |
---------------+----------------------------------+-----
Dodging        | 2 5 |  5.0
Transmutations | 1 |  1.0
Poison Magic   | 3 5 9 10 | 10.0
Spellcasting   | 3 6 8 9 10 | 10.8
Air Magic      | 1 |  1.0
Fire Magic     | 3 |  3.0
Fighting       | 8 11 | 11.2
Conjurations   | 2 |  2.4
Hexes          | 2 |  2.4
Stealth        | |  1.4

Action                   |  1- 3 |  4- 6 |  7- 9 | 10-12 || total
-------------------------+-------+-------+-------+-------++-------
Melee: Unarmed           |    18 |     8 |    17 |    41 ||    84
       Giant club        |       |       |    52 |    47 ||    99
Throw: Throwing net      |       |       |       |     2 ||     2
 Cast: Sting             |    75 |    57 |    25 |     2 ||   159
       Poisonous Vapours |     2 |    15 |    36 |       ||    53
       Ignite Poison     |       |     2 |    27 |    62 ||    91
       Olgreb's Toxic Ra |       |     1 |    24 |    96 ||   121
       Mephitic Cloud    |       |       |     3 |    21 ||    24
  Use: Scroll            |     1 |     8 |     1 |     2 ||    12
Armor: Robe              |    17 |     5 |    46 |    51 ||   119
Dodge: Dodged            |    26 |    26 |    88 |   118 ||   258

Table legend: (Time is in decaauts)
 A = Elapsed time spent in this place.
 B = Non-inter-level travel time spent in this place.
 C = Inter-level travel time spent in this place.
 D = Time resting spent in this place.
 E = Time spent auto-exploring this place.
 F = Levels seen in this place.
 G = Mean time per level.
                   A        B        C        D        E       F      G
               +--------+--------+--------+--------+--------+-----+--------+
         Total |  15932 |  15669 |    263 |   3221 |  10650 |  12 | 1327.7 |
       Dungeon |  13356 |  13110 |    246 |   1333 |  10175 |  10 | 1335.6 |
  Orcish Mines |   2576 |   2559 |     17 |   1888 |    475 |   2 | 1288.0 |
               +--------+--------+--------+--------+--------+-----+--------+

Top non-repeatable levels by time:
   Orc:1: 2048 daAuts
     D:7: 1849 daAuts
     D:2: 1651 daAuts
    D:10: 1597 daAuts
     D:1: 1502 daAuts
     D:9: 1443 daAuts
     D:5: 1404 daAuts
     D:8: 1186 daAuts
     D:3: 1010 daAuts
     D:4: 907 daAuts
     D:6: 802 daAuts
   Orc:2: 528 daAuts
